AoeStats
← FarWhistle86911

Nomad

509437943Analyzed
2v2 RM · 7d ago on Sep 26, 2026· 102m 32s· 4 players
Game mode
Random Map
Map size
176×176
Population
200
Speed
Normal
Resources
Standard
Victory
Conquest
Starting age
Dark Age
Ending age
Imperial Age
RankedLock teamsTeams togetherTeam positionsShared explorationLock speedFull tech treeHidden civsTurbo modeCheats
Victory
Defeat
🇫🇮 Danes · Finland
532
+19
🇫🇮 Saxons · Finland
530
+19
🇺🇸 Huns · United States
649
-20
🇺🇸 Poles · United States
561
-18
CoolCapeKnight
4:53 Loom
5:32 Loom
18:21 Feudal Age
18:53 Double-Bit Axe
19:06 Horse Collar
19:15 Fishing Lines
19:35 Man-at-Arms
21:00 Scale Mail Armor
21:35 Forging
21:44 Arson
30:21 Castle Age
29:23 Stone Mining
29:24 Gold Mining
30:28 Long Swordsman
31:11 Squires
30:57 Gambesons
31:45 Bow Saw
32:16 Chain Mail Armor
33:01 Heavy Plow
34:13 Iron Casting
43:10 Wheelbarrow
44:36 Fletching
45:55 Hamask
48:25 Town Watch
54:44 Hand Cart
59:14 Imperial Age
60:50 Plate Mail Armor
61:57 Blast Furnace
61:25 Bodkin Arrow
62:21 Conscription
62:43 Fervor
62:54 Sanctity
65:35 Ballistics
66:54 Murder Holes
67:37 Elite Jomsviking
69:18 Bodkin Arrow
70:30 Chemistry
69:45 Masonry
70:21 Heavy Scorpion
72:12 Hoardings
72:42 Bracer
73:24 Elite Varangian Guard
75:09 Town Patrol
75:40 Devotion
75:55 Siege Engineers
77:07 Northmen's Fury
81:14 Two-Handed Swordsman
82:27 Padded Archer Armor
84:17 Champion
85:04 Heated Shot
85:32 Careening
85:34 Clinker Construction
85:46 Shipwright
86:43 Spies/Treason
89:39 Dry Dock
89:42 Carvel Hull
90:12 Medium Warships
89:29 Elite Longship
RomanLegionary-
3:44 Loom
15:02 Feudal Age
16:12 Horse Collar
16:27 Double-Bit Axe
17:34 Wheelbarrow
17:36 Man-at-Arms
19:31 Forging
19:45 Scale Mail Armor
20:57 Arson
21:51 Gold Mining
22:00 Fishing Lines
23:47 Stone Mining
28:31 Castle Age
27:13 Scale Barding Armor
27:18 Padded Archer Armor
27:49 Bloodlines
30:52 Iron Casting
31:00 Fletching
30:36 Long Swordsman
31:15 Elite Skirmisher
33:22 Leather Archer Armor
36:28 Squires
36:16 Gambesons
36:37 Husbandry
37:37 Chain Mail Armor
38:55 Bow Saw
39:26 Heavy Plow
44:44 Bodkin Arrow
47:07 Gold Shaft Mining
53:07 Imperial Age
54:51 Conscription
55:14 Crop Rotation
58:14 Two-Man Saw
58:23 Capped Ram
60:13 Clerical Recruitment
63:06 Cavalier
63:11 Two-Handed Swordsman
63:18 Elite Hearth Troop
68:51 Plate Mail Armor
68:50 Cranequins
71:51 Chain Barding Armor
71:44 Bracer
73:30 Champion
78:51 Shield Wall
84:24 Elite Longship
96:00 Careening
96:11 Shipwright
95:47 Murder Holes
95:36 Treadmill Crane
96:01 Siphons
95:48 Heated Shot
96:18 Ballistics
101:58 Chemistry
101:20 Dry Dock
FarWhistle86911
14:35 Feudal Age
15:08 Double-Bit Axe
16:03 Wheelbarrow
22:37 Castle Age
21:21 Loom
23:36 Hand Cart
31:34 Husbandry
31:44 Bloodlines
33:27 Bow Saw
33:00 Horse Collar
33:17 Gold Mining
33:17 Stone Mining
39:32 Gold Shaft Mining
41:49 Heavy Plow
53:08 Imperial Age
54:24 Elite Skirmisher
54:31 Elite Skirmisher
57:15 Thumb Ring
unknown_ab
8:26 Loom
16:43 Feudal Age
17:53 Double-Bit Axe
20:32 Wheelbarrow
19:53 Gold Mining
24:26 Castle Age
24:17 Forging
23:32 Man-at-Arms
25:00 Crossbowman
25:07 Long Swordsman
26:02 Horse Collar
27:08 Thumb Ring
27:40 Fletching
27:53 Padded Archer Armor
28:04 Forging
28:31 Squires
29:27 Husbandry
29:38 Bloodlines
30:06 Medium Warships
30:37 Town Watch
32:32 Bow Saw
33:46 Hand Cart
39:41 Heavy Plow
39:34 Stone Mining
40:36 Clinker Construction
40:41 Fortified Wall
40:27 Murder Holes
40:52 Ballistics
44:33 Imperial Age
44:10 Caravan
45:37 Town Patrol
45:45 Siege Engineers
45:22 Treadmill Crane
46:54 Heavy Warships
47:28 Cavalier
47:48 Pikeman
49:53 Crop Rotation
51:18 Scale Barding Armor
51:47 Bodkin Arrow
52:27 Light Cavalry
53:38 Arrowslits
59:01 Szlachta Privileges
62:21 Iron Casting
67:12 Careening
74:58 Carvel Hull
Connection lost

Rejoining the realm…

Still unreachable

The connection could not be restored.

Session expired

The server has moved on; the page needs a fresh start.